 Dungeon Crawl Stone Soup version 0.24-a0-284-g9fb9971df1 (webtiles) character file.

Game seed: 4137551583686254110

248 Slacking101 the Vandal (level 6, -17/37 HPs)
             Began as a Halfling Arcane Marksman on May 5, 2019.
             Was an Initiate of Kikubaaqudgha.
             Demolished by an ice beast (21 damage)
             ... on level 5 of the Dungeon.
             The game lasted 00:16:52 (4158 turns).

Slacking101 the Vandal (Halfling Arcane Marksman)   Turns: 4158, Time: 00:16:52

Health: -17/37     AC:  2    Str: 13    XL:     6   Next: 34%
Magic:  7/7        EV: 14    Int: 11    God:    Kikubaaqudgha [......]
Gold:   207        SH:  5    Dex: 15    Spells: 6/7 levels left

rFire    + . .     SeeInvis .   b - +0 hunting sling
rCold    x . .     Gourm    .   j - +0 buckler
rNeg     . . .     Faith    .   e - +0 robe
rPois    .         Spirit   .   (no helmet)
rElec    .         Reflect  .   o - scarf {cloud immunity}
rCorr    .         Harm     .   (no gloves)
MR       .....                  (no boots)
Stlth    ++........             (no amulet)
HPRegen  0.12/turn              (no ring)
MPRegen  0.10/turn              s - ring of fire

@: very slightly contaminated, invisible
A: small, mutation resistance 1
a: Renounce Religion


You were on level 5 of the Dungeon.
You worshipped Kikubaaqudgha.
Kikubaaqudgha was noncommittal.
You were near starving.

You visited 1 branch of the dungeon, and saw 5 of its levels.

You collected 207 gold pieces.

Inventory:

Hand Weapons
 a - a +0 dagger
 b - a +0 hunting sling (weapon)
Missiles
 c - 43 stones
 d - 7 sling bullets (quivered)
Armour
 e - a +0 robe (worn)
 j - a +0 buckler (worn)
 o - a scarf of cloud immunity (worn)
Jewellery
 s - a ring of fire (right hand)
Scrolls
 h - 3 scrolls of amnesia {unknown}
 m - a scroll of teleportation
 q - 2 scrolls of enchant weapon {unknown}
 r - 2 scrolls of identify
 t - 2 scrolls of noise {unknown}
 u - a scroll of blinking
Potions
 g - a potion of heal wounds {unknown}
 i - a potion of curing
 k - a potion of mutation {unknown}
 l - a potion of lignification {unknown}
 n - 2 potions of invisibility
 p - a potion of berserk rage {unknown}
 v - a potion of degeneration {unknown}
Comestibles
 f - 11 rations


   Skills:
 - Level 0.8 Fighting
 + Level 7.4 Slings
 - Level 2.1 Dodging
 - Level 3.0 Stealth
 - Level 2.1 Shields
 - Level 1.0 Spellcasting
 - Level 2.4 Hexes


You had 6 spell levels left.
You knew the following spells:

 Your Spells              Type           Power        Failure   Level  Hunger
a - Corona                Hex            #......      17%         1    ##.....

Your spell library contained the following spells:

 Spells                   Type           Power        Failure   Level  Hunger
 Slow                     Hex            #.......     26%         2    ###....
 Inner Flame              Hex/Fire       #.......     63%         3    ####...
 Portal Projectile        Hex/Tloc       #.....       63%         3    ####...
 Cause Fear               Hex            #.........   86%         4    #####..
 Leda's Liquefaction      Hex/Erth       #.........   95%         4    #####..


Dungeon Overview and Level Annotations

Branches:
Dungeon (5/15)
 Temple: D:4-7

Altars:
Elyvilon
Kikubaaqudgha

Shops:
D:4 [

Annotations:
D:4 exclusion: ogre


Innate Abilities, Weirdness & Mutations

You are small and have problems with some larger weapons.
You are somewhat resistant to further mutation.


Message History

You take 10 damage, and have 27/37 hp.
MASSIVE DAMAGE!!
Firing (i - inventory. (/) - cycle)
d - 8 sling bullets (quivered)
Press: ? - help, Shift-Dir - straight line, f/p - ice beast
Aim: an ice beast (moderately wounded, hasn't noticed you)
You shoot a sling bullet.
The sling bullet completely misses the ice beast.
The ice beast hits you. The ice beast freezes you!!
You feel a terrible chill!
* * * LOW HITPOINT WARNING * * *
You take 19 damage, and have 8/37 hp.
MASSIVE DAMAGE!!
There is a stone staircase leading up here.
The ice beast hits you.
* * * LOW HITPOINT WARNING * * *
The ice beast freezes you!!
You feel a terrible chill!
Ouch! That really hurt!
You die...
Kikubaaqudgha rasps: "You have failed me!
Welcome... death!"

.. #. .##
##.########.....
#####.....#.........
#...............$.#
#...............#
#...............#
#....@Y.........#
#...............##.
#..........((..(%.(
#.....$....(.....###
#.#....###+###....#
# ##...# .##..#
##..# # .. ##.+ . #r


You could see an ice beast.

Vanquished Creatures
  A scorpion (D:4)
  A hound skeleton (D:4)
  4 gnolls (D:3)
  6 adders
  2 worms (D:3)
  3 dart slugs
  3 leopard geckos
  7 orcs (D:3)
  2 ball pythons
  4 giant cockroaches
  6 goblins
  5 hobgoblins
  6 jackals (D:4)
  8 kobolds
  7 bats
  6 frilled lizards
  2 leopard gecko skeletons (D:4)
  7 rats
80 creatures vanquished.

Notes
Turn   | Place    | Note
-------+----------+-------------------------------------------
     0 | D:1      | Slacking101 the Halfling Arcane Marksman began the quest
                  | for the Orb.
     0 | D:1      | Reached XP level 1. HP: 12/12 MP: 2/2
   107 | D:1      | Reached skill level 4 in Slings
   107 | D:1      | Reached XP level 2. HP: 18/18 MP: 3/3
   473 | D:2      | You fall through a shaft for 2 floors!
   599 | D:4      | Reached skill level 1 in Stealth
   599 | D:4      | Reached XP level 3. HP: 22/22 MP: 4/4
   695 | D:3      | Found a white marble altar of Elyvilon.
   975 | D:2      | Reached XP level 4. HP: 27/27 MP: 5/5
  2049 | D:2      | Reached skill level 5 in Slings
  2310 | D:3      | Reached XP level 5. HP: 26/32 MP: 6/6
  2382 | D:3      | Reached skill level 6 in Slings
  3192 | D:3      | Reached skill level 1 in Shields
  3334 | D:3      | Found an ancient bone altar of Kikubaaqudgha.
  3341 | D:3      | Became a worshipper of Kikubaaqudgha
  3662 | D:4      | Found Edghomit's Antique Armour Emporium.
  3781 | D:4      | Reached skill level 7 in Slings
  3781 | D:4      | Reached XP level 6. HP: 37/37 MP: 7/7
  3846 | D:4      | Noticed an ogre
  4132 | D:5      | Entered Level 5 of the Dungeon
  4141 | D:5      | Noticed an ice beast
  4158 | D:5      | Demolished by an ice beast

Levels and vault maps discovered:
D:1:      sevenhm_arrival_forest_fort_large_1, layout_basic,
          kennysheep_pointless_box, minmay_tree_intersection,
          minmay_pentomino_p2
D:2:      layout_loops_ring, first_ration
D:3:      layout_rooms, old_standard_altar, elyvilon_altar_5
D:4:      layout_basic, serial_shops, nicolae_shop_waterfront
D:5:      layout_rooms, lemuel_doored_altar

Skill      XL: |  1  2  3  4  5  6 |
---------------+-------------------+-----
Slings         | 4 5 7 |  7.4
Stealth        | 1 3 |  3.0
Shields        | 1 2 |  2.1
Fighting       | |  0.8
Dodging        | |  2.1
Spellcasting   | |  1.0
Hexes          | |  2.4

Action                   |  1- 3 |  4- 6 || total
-------------------------+-------+-------++-------
Melee: Dagger            |    33 |     4 ||    37
 Fire: Hunting sling     |    79 |   251 ||   330
  Use: Scroll            |     2 |     4 ||     6
       Potion            |       |     2 ||     2
  Eat: Chunk             |       |     8 ||     8
Armor: Robe              |     2 |     5 ||     7
Dodge: Dodged            |    32 |    57 ||    89
Block: Buckler           |     5 |     6 ||    11

Table legend:
 A = Non-vault XP
 B = Vault XP
 C = Vault XP percentage of total XP
 D = Non-vault monster count
 E = Vault monster count
 F = Vault count percentage of total count
                 A         B        C        D         E       F
            +---------+---------+-------+---------+---------+-------
      Total |     350 |       5 |   1.4 |      76 |       4 |   5.0
            +---------+---------+-------+---------+---------+-------
        D:1 |      33 |       5 |  13.2 |      19 |       4 |  17.4
        D:2 |      30 |       0 |   0.0 |      13 |       0 |   0.0
        D:3 |     163 |       0 |   0.0 |      29 |       0 |   0.0
        D:4 |     120 |       0 |   0.0 |      14 |       0 |   0.0
        D:5 |       4 |       0 |   0.0 |       1 |       0 |   0.0
            +---------+---------+-------+---------+---------+-------
